Map: [TLMC15] Berlingrad

Players

Cure - Winner!

  • Race: Terran Terran

Solar

  • Race: Zerg Zerg

Event: DreamHack SC2 Masters Last Chance 2022

VOD

Have the link to the VOD?

Description

Time

  • Played on: Jan. 16, 2022, 9:19 a.m.
  • Length: 19:36

All games in this series

Show
View Real Time Build Order
Export as new Build Order

Cure Terran - Winner!

Build Orders: Reaper Expand 

Get SALT Encoding   

  12  0:00  SCV  
  13  0:12  SCV  
  14  0:16  Supply Depot  
  14  0:24  SCV  
  15  0:38  SCV  
  15  0:40  Barracks  
  15  0:42  Refinery  
  16  0:50  SCV  
  17  1:02  SCV  
  18  1:14  SCV  
  19  1:27  Reaper, Orbital Command  
  20  1:37  Command Center  
  20  1:48  Supply Depot  
  20  1:52  SCV  
  21  1:59  Marine  
  22  2:05  SCV  
  22  2:06  Factory  
  23  2:10  Refinery  
  23  2:17  SCV  
  23  2:19  Barracks Reactor  
  24  2:29  SCV  
  25  2:41  SCV  
  26  2:52  Starport  
  26  2:53  SCV, Orbital Command  
  27  2:59  Hellion x2  
  27  3:04  Barracks Tech Lab  
  27  3:05  SCV  
  32  3:17  SCV  
  32  3:18  SCV  
  34  3:23  Stimpack, Marine  
  34  3:25  Supply Depot  
  35  3:29  SCV, Viking  
  35  3:31  SCV  
  35  3:34  Hellion x2  
  43  3:42  SCV, Marine  
  43  3:43  SCV  
  46  3:50  Supply Depot  
  46  3:54  SCV  
  46  3:55  SCV  
  48  3:57  Barracks  
  48  3:58  Barracks  
  48  4:02  Marine  
  49  4:06  SCV  
  49  4:07  SCV  
  49  4:08  Factory Tech Lab  
  51  4:12  Engineering Bay  
  51  4:13  Starport Reactor  
  51  4:17  Supply Depot  
  51  4:19  SCV  
  51  4:20  SCV, Marine  
  54  4:26  Refinery  
  54  4:32  SCV x2  
  54  4:34  Siege Tank  
  59  4:38  Terran Infantry Weapons Level 1  
  59  4:40  Supply Depot  
  59  4:44  SCV x2  
  62  4:48  Marine x3  
  64  4:55  Marine  
  64  4:56  SCV x2, Marine  
  64  4:57  Starport Reactor  
  64  4:58  Refinery  
  68  5:04  Combat Shield  
  68  5:08  Supply Depot  
  68  5:09  Marine x3  
  68  5:11  Siege Tank  
  68  5:13  Marine x2  
  76  5:15  Supply Depot  
  76  5:16  SCV x2  
  78  5:29  Marine x3  
  78  5:31  Supply Depot, Marine x2  
  78  5:35  Supply Depot, Medivac  
  83  5:36  Medivac  
  87  5:43  Siege Tank  
  87  5:47  Marine x3  
  87  5:49  Marine  
  94  5:52  Marine  
  95  5:58  Supply Depot x2  
  95  6:05  Marine x3  
  95  6:07  Marine  
  95  6:10  Marine  
  100  6:12  Medivac  
  100  6:13  Medivac  
  100  6:15  Siege Tank  
  107  6:24  Marine x4  
  111  6:25  Supply Depot  
  111  6:26  Supply Depot  
  111  6:28  Marine  
  112  6:33  Terran Infantry Armor Level 1  
  112  6:48  Marine x5  
  108  6:54  Siege Tank  
  96  7:04  Medivac x2  
  96  7:06  Marine x5  
  92  7:18  Command Center  
  92  7:24  Marine x4  
  92  7:25  Marauder  
  92  7:27  Siege Tank  
  92  7:29  SCV x2  
  103  7:30  Barracks  
  103  7:32  Barracks  
  103  7:42  Armory  
  103  7:43  Engineering Bay  
  101  7:49  Marauder, Marine x4  
  101  7:50  SCV x2  
  109  7:56  Liberator x2  
  115  8:02  SCV x2  
  117  8:09  Marine x4  
  117  8:10  Siege Tank  
  117  8:11  Marauder  
  126  8:15  SCV x2  
  123  8:26  Marine  
  123  8:27  Barracks Tech Lab x2, Marine x2  
  124  8:32  Marauder  
  126  8:36  SCV x2  
  128  8:45  Terran Infantry Weapons Level 2, Siege Tank  
  128  8:46  Terran Infantry Armor Level 2  
  131  8:52  SCV x2  
  131  8:54  Missile Turret  
  131  8:55  Marauder x3  
  139  8:58  Orbital Command  
  139  9:06  Marine x4  
  139  9:09  Supply Depot  
  143  9:10  Supply Depot  
  143  9:14  SCV x2  
  145  9:23  Marauder x3, Siege Tank  
  154  9:26  Supply Depot, SCV  
  154  9:30  SCV x2  
  157  9:37  Marine x4  
  157  9:38  SCV  
  161  9:43  Supply Depot x2  
  161  9:44  Marauder, Supply Depot  
  163  9:50  Marauder x2  
  166  9:56  Medivac x2  
  169  10:09  Marauder, Marine x4  
  169  10:12  Marauder x2  
  169  10:14  Siege Tank  
  173  10:18  Bunker  
  173  10:26  Barracks x2  
  173  10:27  Barracks  
  173  10:28  Concussive Shells  
  170  10:34  Marine x2  
  170  10:35  Marauder x2, Marine x2  
  176  10:43  Medivac x2  
  176  10:46  Siege Tank  
  183  10:52  Marauder, Marine x4  
  183  10:56  Marine x2  
  191  11:05  Command Center  
  191  11:13  Barracks Tech Lab x3  
  191  11:15  Barracks Reactor, Marine x4  
  191  11:16  Marine x2  
  194  11:20  Siege Tank  
  189  11:32  Marauder x3  
  193  11:33  Marine x4  
  193  11:34  Marauder  
  195  11:47  Terran Infantry Weapons Level 3  
  195  11:48  Marine  
  195  11:51  Marine x3  
  197  11:59  Marine  
  197  12:00  Marauder  
  197  12:04  Marine  
  197  12:05  Marauder  
  200  12:11  Bunker  
  187  12:16  Siege Tank  
  187  12:22  Marauder, Marine x4  
  193  12:23  Marauder  
  193  12:24  SCV x3  
  195  12:32  Marine x3  
  195  12:33  Marauder x2  
  195  12:40  Marine x4  
  195  12:43  Marine x2  
  199  12:51  Marauder, Marine x2  
  166  12:54  Marine x2  
  166  12:55  Siege Tank  
  166  12:57  Marine x2  
  166  12:58  Marine  
  147  13:02  Marauder x2, Orbital Command  
  151  13:06  SCV x3  
  151  13:12  Marauder  
  156  13:13  Marine x2  
  156  13:14  Marauder x2  
  162  13:27  Medivac x2  
  162  13:28  SCV  
  162  13:29  SCV  
  162  13:31  Refinery x2  
  168  13:41  SCV  
  168  13:42  SCV x2  
  168  13:43  Refinery  
  168  13:44  Refinery  
  171  13:49  Marine  
  171  13:54  Marauder, Marine x2  
  175  13:57  Medivac x2  
  175  13:58  Sensor Tower  
  176  14:05  Marauder  
  176  14:06  Marauder x2  
  176  14:07  Marauder, Marine x4  
  183  14:16  Marauder  
  185  14:20  Siege Tank  
  186  14:31  Medivac x2  
  186  14:33  Marauder x3, Marine x4  
  198  14:42  Command Center  
  198  14:45  Marine x3  
  200  14:52  Marauder  
  200  14:58  Ghost Academy  
  199  15:14  Factory  
  199  15:15  Sensor Tower  
  195  15:27  Siege Tank  
  192  15:29  Ghost x4  
  199  15:58  Factory Tech Lab  
  199  15:59  Sensor Tower  
  199  16:01  Missile Turret  
  199  16:16  Command Center  
  199  16:17  Command Center x2  
  199  16:24  Ghost x3  
  199  16:25  Siege Tank  
  200  16:39  Missile Turret  
  200  16:53  Personal Cloaking  
  200  16:56  Terran Infantry Armor Level 3  
  200  16:57  Terran Vehicle Weapons Level 1  
  176  17:14  Siege Tank, Ghost x2  
  176  17:15  Siege Tank, Marine x2  
  175  17:24  Marine x4  
  175  17:25  Marauder x2  
  176  17:31  Marauder  
  176  17:33  Marine x2  
  176  17:37  Orbital Command  
  154  17:38  Planetary Fortress  
  154  17:42  Marine x4  
  154  17:44  Marauder x2  
  158  17:46  Marine x2  
  158  17:50  Marine x2  
  168  17:51  Siege Tank x2  
  168  17:52  Marauder  
  170  18:03  Ghost  
  170  18:04  Marauder, Ghost, Marine x4  
  170  18:05  Marauder  
  182  18:07  SCV x4  
  182  18:11  Viking x2  
  190  18:14  Marauder, Planetary Fortress  
  190  18:15  Marine  
  193  18:21  Orbital Command  
  193  18:25  Refinery, Marine x2  
  193  18:26  Refinery  
  195  18:30  Siege Tank  
  198  18:36  Ghost  
Show
View Real Time Build Order
Export as new Build Order

Solar Zerg 

Build Orders: Hatch First 

Get SALT Encoding   

  12  0:00  Drone  
  13  0:12  Overlord  
  13  0:17  Drone  
  14  0:31  Drone x2  
  16  0:47  Hatchery  
  15  0:51  Drone  
  15  0:54  Drone  
  17  0:58  Drone  
  18  1:08  Extractor  
  17  1:13  Spawning Pool  
  17  1:16  Drone  
  17  1:20  Drone  
  18  1:29  Drone  
  19  1:39  Drone  
  20  1:51  Drone  
  21  2:00  Zergling x2, Queen x2  
  21  2:01  Zergling x2  
  27  2:15  Zergling x2  
  28  2:18  Overlord  
  28  2:28  Hatchery  
  27  2:30  Spore Crawler  
  27  2:31  Drone  
  27  2:36  Queen  
  30  2:39  Metabolic Boost  
  30  2:42  Drone  
  31  2:44  Drone  
  32  2:52  Drone, Overlord  
  32  2:56  Drone  
  32  2:58  Drone  
  35  3:01  Drone  
  36  3:11  Drone x4  
  40  3:15  Drone  
  40  3:19  Queen  
  43  3:22  Overlord  
  43  3:24  Drone  
  44  3:33  Overlord  
  44  3:40  Queen  
  44  3:41  Queen  
  46  3:43  Drone  
  46  3:44  Zergling x2  
  46  3:46  Drone x2  
  53  3:48  Drone  
  53  3:50  Drone  
  53  3:52  Drone  
  53  3:53  Drone  
  53  3:54  Drone  
  57  3:57  Drone  
  57  3:59  Overlord  
  57  4:00  Drone  
  59  4:03  Drone x2  
  59  4:08  Overlord  
  61  4:12  Baneling Nest  
  60  4:18  Drone x2  
  60  4:20  Drone x3, Roach Warren  
  60  4:21  Drone  
  66  4:27  Extractor  
  66  4:28  Extractor  
  66  4:30  Spore Crawler  
  63  4:31  Drone x3  
  63  4:33  Lair  
  63  4:36  Zergling x2  
  63  4:37  Zergling x2  
  66  4:40  Drone  
  66  4:42  Spore Crawler  
  66  4:45  Drone  
  67  4:48  Drone x4  
  67  4:50  Overlord  
  71  4:53  Drone x3  
  71  4:58  Overlord  
  71  4:59  Overlord  
  74  5:10  Evolution Chamber  
  74  5:11  Drone x3  
  74  5:12  Drone  
  74  5:13  Drone  
  74  5:14  Evolution Chamber, Extractor  
  77  5:15  Drone  
  77  5:16  Extractor  
  76  5:21  Drone x3  
  76  5:22  Drone x2  
  81  5:29  Drone x2  
  81  5:32  Glial Reconstitution, Extractor  
  81  5:33  Roach x2  
  81  5:34  Overseer, Roach  
  91  5:35  Roach x2  
  91  5:36  Roach  
  91  5:40  Drone  
  94  5:43  Overlord  
  94  5:44  Overlord  
  94  5:48  Zerg Missile Weapons Level 1, Zerg Ground Armor Level 1  
  94  5:50  Overlord  
  94  5:53  Overlord  
  94  5:55  Overlord  
  94  5:57  Overlord  
  96  6:04  Roach x3  
  96  6:08  Roach x3  
  108  6:11  Roach x2  
  108  6:13  Overlord  
  108  6:16  Ravager x3  
  113  6:19  Roach x2  
  113  6:23  Roach x2  
  113  6:24  Roach  
  123  6:28  Roach x2  
  123  6:32  Roach x3  
  133  6:37  Overlord  
  133  6:40  Ravager x2  
  133  6:42  Overlord  
  134  6:50  Queen, Roach x2  
  134  6:53  Queen  
  126  6:58  Roach x2  
  106  7:05  Roach x5  
  106  7:06  Roach x3  
  108  7:08  Roach  
  108  7:13  Roach  
  104  7:16  Drone x2  
  106  7:24  Drone x2  
  106  7:27  Ravager x2, Overseer  
  106  7:28  Roach  
  106  7:29  Baneling Nest  
  111  7:32  Roach  
  111  7:35  Roach  
  115  7:37  Roach  
  115  7:39  Hatchery  
  115  7:41  Zergling x4  
  115  7:42  Zergling x4  
  120  7:45  Pneumatized Carapace  
  120  7:46  Drone  
  120  7:48  Drone  
  120  7:49  Drone x2  
  124  7:52  Zerg Ground Armor Level 2  
  124  7:53  Zergling x4, Zerg Melee Weapons Level 1  
  124  7:56  Ravager  
  127  8:00  Zergling x2  
  127  8:01  Zergling x6  
  131  8:07  Roach x2  
  131  8:09  Ravager x2  
  131  8:11  Zergling x6  
  139  8:15  Drone x2  
  137  8:21  Zergling x2  
  137  8:24  Overlord  
  137  8:25  Zergling x2, Overlord x2  
  139  8:29  Centrifugal Hooks  
  139  8:31  Zergling x2  
  139  8:32  Zergling x6  
  138  8:35  Zergling x2  
  138  8:37  Drone x2  
  138  8:41  Zergling x6, Hatchery  
  143  8:46  Zergling x2  
  144  8:52  Zergling x8  
  148  8:58  Ravager  
  148  9:00  Zergling x10  
  154  9:03  Drone x2  
  154  9:04  Infestation Pit  
  154  9:08  Baneling x5  
  155  9:13  Zergling x16  
  162  9:20  Drone  
  163  9:25  Spore Crawler  
  163  9:26  Zergling x8  
  163  9:30  Zergling x2  
  167  9:34  Overlord x2  
  164  9:40  Baneling  
  164  9:41  Baneling x7  
  164  9:44  Hive, Zergling x2  
  164  9:45  Hatchery, Zergling x8  
  168  9:46  Overlord  
  168  9:49  Ravager x2  
  171  9:52  Zergling x2  
  171  9:53  Zergling x8  
  171  9:59  Drone  
  177  10:00  Zergling x10  
  177  10:06  Zergling x12  
  182  10:11  Hatchery  
  180  10:15  Zergling x4  
  180  10:16  Zergling x8  
  180  10:20  Zergling x2  
  180  10:21  Zergling x10  
  192  10:26  Overlord  
  189  10:29  Zergling x10  
  189  10:32  Zergling x2  
  189  10:34  Drone x2  
  189  10:35  Zerg Melee Weapons Level 2  
  195  10:38  Zergling x8  
  195  10:39  Overlord  
  195  10:40  Overseer x2  
  199  10:43  Overlord  
  199  10:47  Zerg Missile Weapons Level 2, Hydralisk Den  
  199  10:49  Drone x2  
  199  10:58  Baneling x17  
  199  10:59  Baneling x3  
  196  11:11  Viper x2  
  196  11:13  Zergling x6  
  196  11:21  Zergling x12  
  196  11:23  Adrenal Glands  
  196  11:28  Zergling x10  
  199  11:33  Spore Crawler  
  199  11:35  Baneling x5  
  199  11:39  Overlord  
  198  11:43  Zergling x6  
  198  11:46  Ultralisk Cavern  
  197  11:55  Baneling  
  191  12:02  Zergling x12  
  191  12:03  Zergling x6  
  191  12:04  Zergling x2  
  192  12:08  Zergling x2  
  192  12:09  Zergling x12, Hatchery  
  192  12:12  Zergling x2  
  192  12:13  Zergling x6  
  192  12:14  Zergling x16  
  196  12:18  Ravager x4  
  196  12:20  Zergling x6  
  196  12:21  Zergling x4  
  199  12:24  Baneling x7  
  199  12:26  Baneling x4  
  199  12:29  Zergling x6  
  188  12:38  Zergling x8  
  188  12:39  Zergling x6  
  188  12:43  Zergling x2  
  152  12:53  Ultralisk x2, Zergling x4  
  152  12:57  Zergling x2  
  152  12:58  Zergling x6  
  148  13:00  Zergling x4  
  148  13:03  Viper  
  148  13:06  Zergling x2  
  148  13:08  Chitinous Plating  
  148  13:09  Zergling x2  
  148  13:10  Zergling x2  
  149  13:13  Zergling x4  
  149  13:16  Zergling x4  
  149  13:21  Lurker Den  
  149  13:22  Zergling x4  
  149  13:23  Zergling x2  
  149  13:26  Baneling x7  
  151  13:29  Baneling  
  151  13:30  Baneling x4  
  152  13:34  Zergling x8  
  152  13:37  Extractor  
  152  13:38  Grooved Spines  
  154  13:42  Hydralisk x2  
  154  13:46  Drone x4  
  162  13:52  Viper x2  
  167  13:56  Zergling x6  
  163  14:04  Zergling x14  
  163  14:08  Zergling x8  
  168  14:20  Hatchery  
  168  14:22  Seismic Spines  
  159  14:31  Hydralisk  
  159  14:32  Hydralisk x3  
  159  14:34  Hydralisk  
  159  14:35  Hydralisk  
  159  14:37  Hydralisk  
  170  14:44  Zergling x8  
  173  14:52  Zergling x16  
  174  15:06  Lurker x2  
  175  15:07  Lurker  
  175  15:13  Zergling x6  
  177  15:19  Adaptive Talons  
  177  15:20  Zergling x10  
  181  15:23  Zergling x4, Hatchery  
  181  15:25  Zergling x2  
  182  15:30  Lurker x2  
  182  15:34  Lurker  
  182  15:37  Zergling x10  
  185  15:48  Zergling x14, Extractor x2  
  188  15:56  Hydralisk x2  
  192  16:01  Overlord  
  191  16:11  Hydralisk x3  
  186  16:12  Zergling x2  
  186  16:18  Zergling x4  
  188  16:21  Zergling x2  
  182  16:31  Drone x4  
  186  16:33  Lurker x3  
  189  16:42  Drone  
  190  16:54  Hatchery, Muscular Augments  
  190  16:58  Zerg Ground Armor Level 3  
  186  17:01  Hydralisk  
  186  17:08  Hydralisk x2  
  173  17:12  Zergling x2  
  173  17:15  Zergling x2  
  167  17:17  Zergling x4  
  159  17:26  Zergling x2  
  159  17:27  Zergling x8  
  139  17:35  Zergling x6  
  126  17:38  Zergling x2  
  126  17:43  Zergling x4  
  120  17:49  Lurker x2  
  122  17:53  Lurker  
  122  17:56  Lurker  
  121  17:59  Lurker  
  121  18:04  Lurker  
  122  18:07  Lurker  
  122  18:10  Lurker  
  124  18:17  Baneling x5  
  124  18:22  Zergling x2  
  124  18:34  Hatchery  
  123  18:42  Zergling x6  
  122  18:48  Zergling x4  
  112  18:56  Hydralisk x2  

Tags
 
Add a new tag
Caveats
  • Supply blocks, unpowered buildings, or Contaminate may cause inaccurate times.
  • Supply counts are checked every 10 seconds.